cohdb
Replays
Latest Replays
All Replays
Popular Replays
Top Player Replays
Match Explorer
How It Works
Community
CoH3 Stats
Reddit
Sign in to upload your games and track your stats! →
Sign in with Steam
Match 39971858
Unlisted
Match 39971858
Overview
Messages
Build Orders
End
Kettenkrad Recon Vehicle
Construct Infanterie Kompanie
Selects Terror Battlegroup
Grenadier Squad
MG 42 Machine Gun Team
Sniper
Construct Panzergrenadier Kompanie
251 Medium Carrier
Selects Machine Gun Camouflage
Selects Contempt for the Weak
Panzergrenadier Squad
MG 42 Bunker
Pak 40 Anti-tank Gun Team
Pioneer Squad
Construct Panzer Kompanie
Panzer IV Medium Tank
Medical Station
Selects Propaganda Leaflet Drop
Stoßtruppen Squad
GrW 34 Mortar Team
Selects V1 Rocket Strike
Stoßtruppen Squad
V1 Rocket Strike
Sturmpanzer IV Brummbär
Selects Defend the Fatherland
251 Medium Carrier
MG 42 Machine Gun Team
Sauzer88
[LoB]Fagio
Andreuz
Leo
JackieChan
gokselc12
Marty
Hoze
0
0
Comments
sign in to comment!
No comments posted yet!